 Dungeon Crawl Stone Soup version 0.23.2-40-g277498a001 (webtiles) character file.

Game seed: 8616401551381068960

725 VinVin the Shield-Bearer (level 7, -4/43 HPs)
             Began as a Gargoyle Fighter on Sept 14, 2019.
             Slain by an ogre
             ... wielding a +0 giant club
              (5 damage)
             ... on level 5 of the Dungeon.
             The game lasted 00:09:58 (3266 turns).

VinVin the Shield-Bearer (Gargoyle Fighter)         Turns: 3266, Time: 00:09:59

Health: -4/43      AC: 17    Str: 26    XL:     7   Next: 72%
Magic:  7/7        EV:  5    Int:  9    God:
Gold:   190        SH: 10    Dex:  9    Spells: 6/6 levels left

rFire    + . .     SeeInvis .   a - +1 flail
rCold    x . .     Gourm    .   c - +0 shield
rNeg     + . .     Faith    .   q - +0 plate armour
rPois    ∞         Spirit   .   (no helmet)
rElec    +         Reflect  .   (no cloak)
rCorr    .         Harm     .   h - +0 pair of gloves
MR       .....                  (no boots)
Stlth    ..........             (no amulet)
HPRegen  0.14/turn              D - ring of fire
MPRegen  0.10/turn              (no ring)

@: mighty
A: negative energy resistance 1, electricity resistance, unbreathing,
petrification resistance, rot immunity, AC +4
a: no special abilities


You were on level 5 of the Dungeon.
You were hungry.

You visited 1 branch of the dungeon, and saw 5 of its levels.

You collected 190 gold pieces.

Inventory:

Hand Weapons
 a - a +1 flail (weapon)
Missiles
 o - 104 stones (quivered)
 p - 22 poisoned needles
Armour
 b - a +0 scale mail
 c - a +0 shield (worn)
 h - a +0 pair of gloves (worn)
 q - a +0 plate armour (worn)
Jewellery
 D - a ring of fire (left hand)
Wands
 s - a wand of scattershot (5)
 B - a wand of enslavement (10)
Scrolls
 e - a scroll of fog {unknown}
 g - 5 scrolls of teleportation
 i - a scroll of amnesia {unknown}
 j - 3 scrolls of magic mapping
 k - a scroll of immolation {unknown}
 t - 3 scrolls of fear
 u - a scroll of noise {unknown}
 x - a scroll of remove curse {unknown}
 y - 3 scrolls of enchant weapon
 A - a scroll of identify
 E - a scroll of random uselessness {unknown}
Potions
 d - a potion of might
 l - 2 potions of brilliance
 m - a potion of berserk rage {unknown}
 n - a potion of degeneration {unknown}
 r - a potion of curing {unknown}
 v - a potion of invisibility {unknown}
 w - a potion of agility
 z - 3 potions of lignification {unknown}
Comestibles
 f - 11 rations


   Skills:
 + Level 4.3 Fighting
 * Level 5.9 Maces & Flails
 + Level 4.1 Armour
 + Level 0.4 Dodging
 * Level 6.2 Shields


You had 6 spell levels left.
You didn't know any spells.
Your spell library contained the following spells:

 Spells                   Type           Power        Failure   Level  Hunger
 Beastly Appendage        Tmut           #.....       100%        1    ##.....
 Sticks to Snakes         Tmut           #.......     100%        2    ###....
 Spider Form              Tmut/Pois      #.........   100%        3    ####...
 Ice Form                 Ice/Tmut       #.......     100%        4    #####..
 Blade Hands              Tmut           #.........   100%        5    ######.


Dungeon Overview and Level Annotations

Branches:
Dungeon (5/15)
 Temple: D:4-7

Altars:
Zin


Innate Abilities, Weirdness & Mutations

You are resistant to torment.
Your stone body is resilient. (AC +4)
You are immune to poison.
You resist negative energy. (rN+)
You are resistant to electric shocks. (rElec)
You can survive without breathing.
You are immune to petrification.
You are immune to rotting.


Message History

You closely miss the bullfrog.
The bullfrog is severely wounded.
You block the bullfrog's attack.
The bullfrog hits you but does no damage.
You sock the bullfrog!
You kill the bullfrog!
You thump the orc!
You kill the orc!
Your plate armour prevents you from hitting the orc.
The orc hits you but does no damage.
You closely miss the orc. The orc barely misses you.
You thump the orc!
You kill the orc!
You closely miss the ogre. The ogre hits you with a +0 giant club!
* * * LOW HITPOINT WARNING * * *
You closely miss the ogre. You block the ogre's attack.
You sock the ogre!
The ogre is moderately wounded.
The ogre hits you with a +0 giant club.
You die...

##.###.... # #
#....#..# .. . #
##......##... ..###
###...........>.).....
#...............##....
##....................
##...o.#.............
####O###............
##@##..............
##...#............#.
#.................#.
##..#...............
#..#...............
#......#..........#
#...#..###.....##..
##.###...#.........
### ##............


You could see an ogre and an orc priest.

Vanquished Creatures
  An ogre (D:4)
  A centaur (D:3)
  2 bullfrogs
  A scorpion (D:4)
  A crimson imp (D:5)
  A bullfrog zombie (D:5)
  A hound (D:5)
  An orc wizard (D:4)
  Jessica (D:2)
  An iguana (D:4)
  2 worker ants
  5 adders
  An ooze (D:1)
  4 dart slugs
  3 leopard geckos (D:1)
  6 orcs
  11 bats
  3 giant cockroaches (D:1)
  9 goblins
  9 hobgoblins
  4 jackals (D:4)
  2 quokkas (D:2)
  3 ball pythons
  7 frilled lizards
  9 kobolds
  9 rats
98 creatures vanquished.

Notes
Turn   | Place    | Note
-------+----------+-------------------------------------------
     0 | D:1      | VinVin the Gargoyle Fighter began the quest for the Orb.
     0 | D:1      | Reached XP level 1. HP: 14/14 MP: 1/1
    52 | D:1      | Reached XP level 2. HP: 15/19 MP: 2/2
   348 | D:1      | Reached XP level 3. HP: 21/23 MP: 3/3
   744 | D:1      | Reached skill level 4 in Shields
  1226 | D:2      | Reached XP level 4. HP: 21/29 MP: 4/4
  1650 | D:2      | Noticed Jessica
  1671 | D:2      | Killed Jessica
  1826 | D:3      | Found a glowing silver altar of Zin.
  1828 | D:3      | Reached XP level 5. HP: 33/33 MP: 5/5
  1831 | D:3      | Noticed a centaur
  1970 | D:3      | Killed a centaur
  1970 | D:3      | Reached skill level 5 in Shields
  2269 | D:3      | Reached XP level 6. HP: 37/38 MP: 6/6
  2891 | D:4      | Reached XP level 7. HP: 37/43 MP: 7/7
  2892 | D:4      | Reached skill level 5 in Maces & Flails
  3016 | D:5      | Entered Level 5 of the Dungeon
  3090 | D:5      | Reached skill level 6 in Shields
  3264 | D:5      | HP: 1/43 [ogre/+0 giant club (14)]
  3266 | D:5      | Slain by an ogre

Skill      XL: |  1  2  3  4  5  6  7 |
---------------+----------------------+-----
Shields        | 4 5 6 |  6.2
Maces & Flails | 3 4 5 |  5.9
Armour         | 4 |  4.1
Fighting       | 4 |  4.3
Dodging        | |  0.4

Action                   |  1- 3 |  4- 6 |  7- 9 || total
-------------------------+-------+-------+-------++-------
Melee: Flail             |   137 |   258 |    80 ||   475
  Use: Scroll            |       |     5 |     2 ||     7
       Potion            |       |     1 |     1 ||     2
  Eat: Chunk             |     1 |     6 |     1 ||     8
Armor: Scale mail        |    72 |       |       ||    72
       Plate armour      |     7 |   203 |    49 ||   259
Dodge: Dodged            |    50 |    44 |    11 ||   105
Block: Shield            |    86 |   171 |    47 ||   304
